 Dungeon Crawl Stone Soup version 0.29.1-12-g30fa7ad0bf (webtiles) character file.

Game seed: 15551671083160551562

140 LustLizard the Shooter (level 5, -3/25 HPs)
             Began as a Spriggan Hunter on Dec 31, 2022.
             Killed by nerve-wracking pain
             ... invoked by Grinder
              (10 damage)
             ... on level 3 of the Dungeon.
             The game lasted 00:04:11 (2787 turns).

LustLizard the Shooter (Spriggan Hunter)            Turns: 2787, Time: 00:04:12

Health: -3/25      AC:  3    Str:  7    XL:     5   Next: 2%
Magic:  6/6        EV: 18    Int: 10    God:
Gold:   118        SH:  0    Dex: 21    Spells: 4/4 levels left

rFire   . . .      SeeInvis +   a - +0 shortbow
rCold   . . .      Faith    .   (shield currently unavailable)
rNeg    . . .      Spirit   .   c - +0 robe
rPois   .          Reflect  .   (helmet restricted)
rElec   .          Harm     .   k - +0 cloak
rCorr   .          Rampage  .   (gloves unavailable)
Will    .....                   (boots unavailable)
Stlth   +++.......              (no amulet)
HPRegen 0.08/turn               (no ring)
MPRegen 0.10/turn               (no ring)

@: very quick
A: very small, no large weapons, unfitting armour, see invisible, speed 3
a: no special abilities


You were on level 3 of the Dungeon.
You visited 1 branch of the dungeon, and saw 3 of its levels.

You collected 118 gold pieces.

Inventory:

Hand Weapons
 a - a +0 shortbow (weapon)
Armour
 c - a +0 robe (worn)
 k - a +0 cloak (worn)
Wands
 q - a wand of polymorph (13)
Scrolls
 b - 2 scrolls of immolation
 e - 2 scrolls of identify {unknown}
 j - a scroll of vulnerability {unknown}
 n - a scroll of magic mapping {unknown}
 r - a scroll of brand weapon {unknown}
Potions
 d - 2 potions of heal wounds {unknown}
 f - a potion of mutation {unknown}
 g - a potion of lignification {unknown}
 h - a potion of curing {unknown}
 i - a potion of attraction {unknown}
 l - a potion of cancellation {unknown}
 m - a potion of flight {unknown}
 o - a potion of degeneration {unknown}
 p - a potion of brilliance {unknown}
 s - a potion of ambrosia {unknown}
 t - a potion of magic {unknown}


   Skills:
 - Level 1.5 Fighting
 * Level 5.7 Ranged Weapons
 - Level 2.6 Dodging
 + Level 4.5 Stealth


You had 4 spell levels left.
You didn't know any spells.
Your spell library was empty.

Dungeon Overview and Level Annotations

Branches:
Dungeon (3/15)

Altars:

Annotations:
D:3 Grinder, Sigmund


Innate Abilities, Weirdness & Mutations

You are very small and have problems with some larger weapons.
You are too small for most types of armour.
You have supernaturally acute eyesight. (SInv)
You cover ground extremely quickly. (Speed+++)


Message History

You shoot an arrow. The arrow hits Grinder.
Grinder is moderately wounded.
Grinder barely misses you.
You shoot an arrow. The arrow closely misses Grinder.
Grinder says, "You look like you could use a good racking."
Grinder hits you.
You writhe in agony.
You shoot an arrow.
The arrow hits Grinder but does no damage.
Grinder is moderately wounded.
Grinder hits you.
You writhe in agony.
You are too injured to fight recklessly!
You are too injured to fight recklessly!
Fire: a) +0 shortbow
Press: ? - help, Q - select action, (/) - cycle Shift-Dir - straight line, f/p - Grinder
Aim: Grinder (moderately wounded, 61% to hit)
You shoot an arrow.
The arrow hits Grinder but does no damage.
Grinder is moderately wounded.
Grinder barely misses you.
Fire: a) +0 shortbow
Press: ? - help, Q - select action, (/) - cycle Shift-Dir - straight line, f/p - Grinder
Aim: Grinder (moderately wounded, 61% to hit)
You shoot an arrow. The arrow barely misses Grinder.
Grinder closely misses you.
Grinder says, "Mostly I couldn't keep them alive."
Grinder hits you.
* * * LOW HITPOINT WARNING * * *
Fire: a) +0 shortbow
Press: ? - help, Q - select action, (/) - cycle Shift-Dir - straight line, f/p - Grinder
Aim: Grinder (moderately wounded, 61% to hit)
You shoot an arrow. The arrow hits Grinder.
Grinder is moderately wounded.
Grinder completely misses you.
Fire: a) +0 shortbow
Press: ? - help, Q - select action, (/) - cycle Shift-Dir - straight line, f/p - Grinder
Aim: Grinder (moderately wounded, 61% to hit)
You shoot an arrow. The arrow closely misses Grinder.
Grinder gestures at you. Pain shoots through your body!
You die...

##.#.##.......# ##.......#
.#'#.##.......#
.######.......#
............†.#
..........#####
.......##..5..# .........#
.......##.....# .........#
#......##....†#######..#..##
#......+...........###.#..#
#......###########.###...##
.......+ .......@5.......#
..(....# #..##########.#>#
.......# #.### .#+##### #.#
.# #.# .# #.# .# #.# .# #.#
.# #..


You could see Grinder.

Vanquished Creatures
  An orc wizard (D:3)
  Robin (D:3)
  3 adders
  2 worms
  A dart slug (D:2)
  3 orcs (D:3)
  3 bats
  5 endoplasms
  3 giant cockroaches
  8 goblins
  7 hobgoblins
  4 jackals (D:2)
  6 kobolds
  3 quokkas
  4 ball pythons
  3 frilled lizards
  3 rats
60 creatures vanquished.

Notes
Turn   | Place    | Note
-------+----------+-------------------------------------------
     0 | D:1      | LustLizard the Spriggan Hunter began the quest for the Orb.
     0 | D:1      | Reached XP level 1. HP: 10/10 MP: 2/2
   154 | D:1      | Found a faded altar of an unknown god.
   571 | D:1      | Reached XP level 2. HP: 14/14 MP: 3/3
  1150 | D:2      | Identified the +1 hand axe of the Heavens {vorpal, *Slow
                  | Int+4 Dex+3}
  1233 | D:2      | Reached XP level 3. HP: 7/18 MP: 4/4
  1476 | D:2      | Identified the +0 dagger of Ignis's Indignation {vorpal,
                  | Str+4 Int+4}
  1642 | D:2      | Reached skill level 5 in Ranged Weapons
  2097 | D:3      | Noticed Sigmund
  2140 | D:3      | Noticed Robin
  2156 | D:3      | Reached XP level 4. HP: 22/22 MP: 5/5
  2162 | D:3      | Killed Robin
  2424 | D:3      | Reached XP level 5. HP: 25/25 MP: 6/6
  2464 | D:3      | Noticed Grinder
  2483 | D:3      | Paralysed by Grinder for 4 turns
  2787 | D:3      | Killed from afar by Grinder

Illustrated notes

Levels and vault maps discovered:
D:1:      sevenhm_arrival_forest_fort_small_6, layout_loops_corners,
          chequers_ecumenical_altar_simple_redux
D:2:      wander_river, layout_basic, grunt_ministairs_10, minmay_crystal_room,
          chequers_arboretum, chequers_hall_statues_y
D:3:      layout_basic, uniq_jessica, uniq_grinder, uniq_robin, uniq_sigmund

Skill      XL: |  1  2  3  4 |
---------------+-------------+-----
Stealth        | 2 3 4 |  4.5
Ranged Weapons | 5 |  5.7
Fighting       | |  1.5
Dodging        | |  2.6

Action                   |  1- 3 |  4- 6 || total
-------------------------+-------+-------++-------
 Fire: Shortbow          |   104 |    62 ||   166
Armor: Robe              |     6 |     2 ||     8
Dodge: Dodged            |    26 |    14 ||    40
